 Dungeon Crawl Stone Soup version 0.28.0-49-g6dfe1f597d (webtiles) character file.

Game seed: 16342574537320485415

32 Zeld the Chopper (level 3, -1/34 HPs)
             Began as a Hill Orc Monk on May 18, 2022.
             Slain by an orc wizard
             ... wielding a +0 dagger
              (3 damage)
             ... on level 3 of the Dungeon.
             The game lasted 00:01:04 (1318 turns).

Zeld the Chopper (Hill Orc Monk)                    Turns: 1318, Time: 00:01:05

Health: -1/34      AC:  2    Str: 15    XL:     3   Next: 27%
Magic:  3/3        EV: 12    Int: 10    God:
Gold:   46         SH:  0    Dex: 13    Spells: 2/2 levels left

rFire   . . .      SeeInvis .   a - +0 hand axe
rCold   . . .      Faith    .   (no shield)
rNeg    . . .      Spirit   .   b - +0 robe
rPois   .          Reflect  .   (no helmet)
rElec   .          Harm     .   (no cloak)
rCorr   .          Rampage  .   (no gloves)
Will    .....                   (no boots)
Stlth   ++........              (no amulet)
HPRegen 0.11/turn               (no ring)
MPRegen 0.08/turn               (no ring)

@: no status effects
A: no striking features
a: no special abilities


You were on level 3 of the Dungeon.
You visited 1 branch of the dungeon, and saw 3 of its levels.

You collected 46 gold pieces.

Inventory:

Hand Weapons
 a - a +0 hand axe (weapon)
Armour
 b - a +0 robe (worn)
Jewellery
 d - a ring of fire
Scrolls
 c - a scroll of blinking {unknown}
 e - a scroll of identify {unknown}


   Skills:
 * Level 4.3 Fighting
 * Level 4.7 Axes
 + Level 1.1 Armour
 - Level 2.4 Dodging
 - Level 1.5 Stealth


You had 2 spell levels left.
You didn't know any spells.
Your spell library was empty.

Dungeon Overview and Level Annotations

Branches:
Dungeon (3/15)

Altars:
Zin

Annotations:
D:2 1 runed translucent door, Crazy Yiuf


Message History

Unknown command.
You hit the orc but do no damage. You miss the bat.
You hit something but do no damage. The bat barely misses you.
The orc hits you with a +0 whip. Something hits you. The bat hits you.
You hit the orc.
The orc is moderately wounded.
You closely miss the bat. You closely miss something.
The bat barely misses you. The bat closely misses you. The bat misses you. x2
The orc hits you with a +0 whip. Something hits you.
* * * LOW HITPOINT WARNING * * *
Unknown command.
You hit the orc.
You kill the orc!
You barely miss the bat. You hit something. The bat barely misses you.
The bat hits you but does no damage. Something hits you.
* * * LOW HITPOINT WARNING * * *
Unknown command.
You hit the bat.
The bat is heavily wounded.
You hit something but do no damage. The bat hits you but does no damage.
The bat closely misses you. Something hits you but does no damage.
Unknown command.
You hit the bat but do no damage.
The bat is severely wounded.
You hit something. The bat misses you. Something hits you.
* * * LOW HITPOINT WARNING * * *
The bat barely misses you.
Unknown command.
You hit the bat but do no damage.
The bat is heavily wounded.
You miss something. You miss the bat. The bat barely misses you.
The bat hits you but does no damage. The bat hits you.
* * * LOW HITPOINT WARNING * * *
You hear some strange, mumbled words.
Something tries to affect you, but you resist.
You miss the bat.
The bat is severely wounded.
You hit something but do no damage. The bat barely misses you.
The bat misses you. The bat closely misses you. Something hits you.
You die...

.....#...§.≈...≈
.......>.≈.≈._.≈.
.........≈.≈...≈.
.........≈.≈≈≈≈≈.
..?......≈..§§§..
.........≈.≈§≈§≈≈
.......b†...§§§.
......b@....# .#
......)....###.#
##..####.#.# #.#
#. #.#.###.#
#.#..##.#
####....# #....#
# #.(..# ..
####.# #...


You could see 2 bats.

Vanquished Creatures
  2 orcs (D:3)
  4 endoplasms
  A giant cockroach (D:2)
  A goblin (D:3)
  4 hobgoblins
  4 jackals (D:1)
  3 kobolds (D:2)
  2 ball pythons
  2 frilled lizards (D:3)
  3 rats
26 creatures vanquished.

Notes
Turn   | Place    | Note
-------+----------+-------------------------------------------
     0 | D:1      | Zeld the Hill Orc Monk began the quest for the Orb.
     0 | D:1      | Reached XP level 1. HP: 19/19 MP: 1/1
   149 | D:1      | Reached XP level 2. HP: 13/27 MP: 2/2
   388 | D:2      | Identified the +3 leather armour "Fiolymuynt" {Int+4}
   838 | D:2      | Found a runed translucent door.
   839 | D:2      | Noticed Crazy Yiuf
  1234 | D:3      | Reached skill level 1 in Armour
  1295 | D:3      | Reached XP level 3. HP: 33/33 MP: 3/3
  1295 | D:3      | Found a glowing silver altar of Zin.
  1318 | D:3      | Slain by an orc wizard

Illustrated notes

Levels and vault maps discovered:
D:1:      minmay_arrival_wavy_path, layout_rooms,
          shapermc_ecumenical_altar_hornbeckon, serial_shops,
          nicolae_shop_window_shopping, hangedman_decor_riveting,
          hangedman_decor_growths
D:2:      layout_loops_corners, uniq_crazy_yiuf_cottage
D:3:      layout_rooms, fedhas_altar_1,
          mainiacjoe_overflow_concentric_impassable, gup_sewer_entry_spiral,
          uniq_ijyb, uniq_jessica

Skill      XL: |  1  2 |
---------------+-------+-----
Fighting       | 4 |  4.3
Armour         | 1 |  1.1
Axes           | |  4.7
Dodging        | |  2.4
Stealth        | |  1.5

Action                   || total
-------------------------++-------
Melee: Hand axe          ||    66
 Stab: Sleeping          ||     2
Armor: Robe              ||    20
Dodge: Dodged            ||    86
